 Dungeon Crawl Stone Soup version 0.23.1 (webtiles) character file.

Game seed: 15479126659118582416

31845 Chiseanne the Fighter (level 13, -1/116 HPs)
             Began as a Minotaur Warper on Mar 14, 2019.
             Was an Elder of Vehumet.
             Killed from afar by a rime drake (21 damage)
             ... with a flash freeze
             ... on level 6 of the Lair of Beasts.
             The game lasted 01:48:59 (18230 turns).

Chiseanne the Fighter (Minotaur Warper)            Turns: 18230, Time: 01:48:59

Health: -1/116     AC: 16    Str: 19    XL:     13   Next: 28%
Magic:  12/25      EV: 19    Int: 13    God:    Vehumet [****..]
Gold:   884        SH:  5    Dex: 14    Spells: 7/30 levels left

rFire    . . .     SeeInvis .   a - +11 dagger of Rotation {protect, rElec}
rCold    . . .     Gourm    .   k - +0 buckler of the Eleven Lovers {rElec}
rNeg     . . .     Faith    .   u - +5 robe "Igemeus" {Dex+3}
rPois    .         Spirit   .   (helmet restricted)
rElec    +         Reflect  .   (no cloak)
rCorr    .         Harm     .   I - +0 pair of gloves
MR       .....                  x - +0 pair of boots
Stlth    +.........             (no amulet)
HPRegen  0.29/turn              C - ring of wizardry
MPRegen  0.19/turn              O - +2 ring of strength

@: shrouded, protection aura
A: retaliatory headbutt, horns 2
a: Renounce Religion


You were on level 6 of the Lair of Beasts.
You worshipped Vehumet.
Vehumet was greatly pleased with you.
You were not hungry.

You visited 3 branches of the dungeon, and saw 19 of its levels.

You collected 884 gold pieces.

Inventory:

Hand Weapons
 a - the +11 dagger of Rotation (weapon) {protect, rElec}
   (You found it on level 2 of the Lair of Beasts)

   It protects the one who uses it against injury (+AC on strike).
   It insulates you from electricity.
 s - a +5 scimitar of draining
 w - a +0 hunting sling of flaming
 G - the +1 shortbow of Dynakh {velocity, rF+}
   (You found it on level 2 of the Lair of Beasts)

   Any arrow fired from it inflicts extra damage.
   It protects you from fire.
 L - a +5 great sword of flaming
Missiles
 c - 109 bolts
 e - 5 tomahawks of dispersal (quivered)
 i - 398 stones
 l - 194 arrows
 o - 53 poisoned needles
 r - 163 sling bullets
 v - 15 tomahawks
 F - 2 needles of sleeping
 K - 7 javelins
Armour
 k - the +0 buckler of the Eleven Lovers (worn) {rElec}
   (You found it on level 5 of the Dungeon)

   It insulates you from electricity.
 u - the +5 robe "Igemeus" (worn) {Dex+3}
   (You found it on level 5 of the Dungeon)

   It affects your dexterity (+3).
 x - a +0 pair of boots (worn)
 I - a +0 pair of gloves (worn)
 M - the +1 leather armour of Honour {+Inv}
   (You found it on level 2 of the Lair of Beasts)

   It lets you turn invisible.
Magical Staves
 P - an uncursed staff of air
Jewellery
 t - an uncursed ring of fire
 C - a ring of wizardry (left hand)
 O - a +2 ring of strength (right hand)
Wands
 J - a wand of flame (4)
Scrolls
 d - 4 scrolls of blinking
 j - 3 scrolls of remove curse
 y - 7 scrolls of teleportation
 B - a scroll of amnesia
 E - 2 scrolls of enchant armour
 Q - 2 scrolls of magic mapping
Potions
 n - 4 potions of cancellation
 p - 3 potions of curing
 q - 2 potions of flight
 z - 3 potions of lignification
 A - 2 potions of invisibility
 D - a potion of mutation {unknown}
 H - a potion of haste
 S - a potion of agility {unknown}
Comestibles
 b - 5 chunks of flesh
 f - 18 rations


   Skills:
 - Level 11.5 Fighting
   Level 2.9 Axes
 - Level 1.0 Throwing
 - Level 3.7 Armour
 - Level 10.5 Dodging
 - Level 5.0 Shields
 * Level 9.0 Spellcasting
 - Level 5.0 Charms
 - Level 6.4 Translocations
 - Level 6.6 Evocations


You had 7 spell levels left.
You knew the following spells:

 Your Spells              Type           Power        Failure   Level  Hunger
a - Blink                 Tloc           N/A          1%          2    None
b - Shroud of Golubria    Chrm/Tloc      ###.......   1%          2    None
c - Ozocubu's Armour      Chrm/Ice       ##......     5%          3    ##.....
d - Passage of Golubria   Tloc           N/A          3%          4    ####...
e - Lesser Beckoning      Tloc           ###.......   1%          3    ##.....
f - Static Discharge      Conj/Air       #.......     4%          3    ##.....
g - Teleport Other        Tloc           ###.....     1%          3    ##.....
h - Mephitic Cloud        Conj/Pois/Air  #.......     4%          3    ##.....

Your spell library contained the following spells:

 Spells                   Type           Power        Failure   Level  Hunger
 Spellforged Servitor     Conj/Summ      #.........   99%         7    #######
 Freeze                   Ice            #...         1%          1    None
 Magic Dart               Conj           #...         1%          1    None
 Gell's Gravitas          Tloc           ###.......   1%          3    ##.....
 Throw Frost              Conj/Ice       #.....       2%          2    None
 Conjure Flame            Conj/Fire      #.......     4%          3    ##.....
 Call Imp                 Summ           #.......     8%          2    None
 Slow                     Hex            #.......     8%          2    None
 Throw Icicle             Conj/Ice       #.......     13%         4    ####...
 Fireball                 Conj/Fire      #.........   32%         5    #####..
 Irradiate                Conj/Tmut      #.........   32%         5    #####..
 Summon Ice Beast         Ice/Summ       #.......     43%         4    ####...
 Bolt of Fire             Conj/Fire      #.........   80%         6    #######
 Hydra Form               Tmut           #.........   99%         6    #######
 Statue Form              Tmut/Erth      #........    99%         6    #######
 Dragon Form              Tmut           #.........   100%        7    #######


Dungeon Overview and Level Annotations

Branches:
Dungeon (12/15)            Temple (1/1) D:4            Lair (6/6) D:8
 Shoals (0/4) Lair:3        Snake (0/4) Lair:3        Slime (0/5) Lair:6
    Orc (0/2) D:12

Altars:
Ashenzari
Cheibriados
Dithmenos
Elyvilon
Fedhas
Gozag
Hepliaklqana
Makhleb
Nemelex Xobeh
Okawaru
Qazlal
Ru
Sif Muna
Trog
Uskayaw
Vehumet
Wu Jian
Xom
Yredelemnul
Zin
The Shining One
Beogh

Annotations:
Lair:2 exclusion: oklob plant
Lair:6 2 runed translucent doors


Innate Abilities, Weirdness & Mutations

You reflexively headbutt those who attack you in melee.
You have a pair of horns on your head.


Message History

The basilisk appears confused.
As you read the scroll of teleportation, it crumbles to dust.
You feel strangely unstable.
The basilisk bites the plant!
You puncture the basilisk!
Your weapon exudes an aura of protection.
The basilisk is moderately wounded.
The basilisk bites you.
* * * LOW HITPOINT WARNING * * *
You hit the basilisk.
The basilisk is heavily wounded.
Evoke which item? (* to show all) (? for menu, Esc to quit)
Okay, then.
Your surroundings suddenly seem different.
A spiny frog comes into view.
The spiny frog gives a loud, deep croak!
A rime drake comes into view.
The rime drake breathes ice at you. The flash freeze hits you!!
You die...

*** ****** *** *### *,**
*,**,***,** *..### *,,,
*,,,,*,**,**#####....#*# **,,
,,,,,,,,,,,,*...P....#.# **,
,,,,,,,,,t,,,#...P....## *,,
,,,,,,,,,#..##......k..# ***
,,,,,,,,,*#............# *
*,,,,,,,,*#.....@...F..#* ***
,,,,,,,,,,##...........P* ***,,
,,,,,,,,,...#........P.#* *,,,,
,,,,,,,,,#**##..........*****,,,,
,*,,,*,,,,,**.........#.,,,,,,,,,
*******,,,,*#.........#*,,,,,,,,,
**,***,,**##.(.....#..,,,,,,,,,
*,,* **** *..###......,,,,,,,,,
**,,* **** ***,,,,,,,,,,,,,


You could see a spiny frog, a rime drake and a crocodile (wandering).

Vanquished Creatures
  Erolcha (D:10)
  3 hydras
  Erica (D:8)
  2 two-headed ogres
  Urug (D:10)
  Nergalle (D:10)
  Pikel (D:8)
  2 deep elf magi (D:8)
  2 elephants (Lair:6)
  4 black mambas (Lair:6)
  2 molten gargoyles (Lair:6)
  A torpor snail (Lair:6)
  8 spiny frogs
  11 komodo dragons
  5 blink frogs (Lair:5)
  A hornet (D:11)
  10 hippogriffs
  A shadow (D:12)
  A hog (shapeshifter) (D:12)
  5 wyverns
  34 yaks
  A basilisk (Lair:6)
  2 steam dragons (Lair:6)
  A fire elemental (Lair:2)
  6 water moccasins
  3 hell hounds (Lair:6)
  8 porcupines
  3 orc warriors
  6 ice beasts
  6 black bears
  A necrophage (D:7)
  2 ogres
  A phantom (D:8)
  8 crocodiles
  A centaur (D:7)
  2 big kobolds (D:9)
  13 bullfrogs
  A gnoll sergeant (D:11)
  A water moccasin skeleton (D:5)
  7 scorpions
  3 wights (D:11)
  10 killer bees
  2 howler monkeys
  7 crimson imps
  5 lava snakes
  A centaur zombie (D:9)
  2 quasits
  3 bullfrog zombies
  4 jellies
  2 hounds
  2 orc priests (D:12)
  10 orc wizards
  A bullfrog skeleton (D:7)
  2 centaur skeletons
  4 iguanas
  6 hell rats (Lair:6)
  6 worker ants
  2 hound skeletons
  A mummy (D:8)
  A howler monkey zombie (D:5)
  9 gnolls
  A howler monkey skeleton (D:11)
  2 adders (D:3)
  2 shadow imps
  2 adder zombies
  An ooze (D:4)
  2 adder skeletons
  4 worms
  A dart slug (D:3)
  3 leopard geckos
  29 orcs
  A ball python (D:5)
  6 bats
  6 giant cockroaches
  6 goblins
  2 hobgoblins
  6 jackals
  5 quokkas
  3 frilled lizards
  14 kobolds
  A quokka skeleton (D:4)
  2 quokka zombies
  6 rats
  13 fungi
371 creatures vanquished.

Vanquished Creatures (others)
  A black bear (D:8)
  24 fungi
  8 plants
33 creatures vanquished.

Grand Total: 404 creatures vanquished

Notes
Turn   | Place    | Note
-------+----------+-------------------------------------------
     0 | D:1      | Chiseanne the Minotaur Warper began the quest for the Orb.
     0 | D:1      | Reached XP level 1. HP: 18/18 MP: 1/1
   161 | D:2      | Reached XP level 2. HP: 25/25 MP: 3/3
   501 | D:3      | Reached XP level 3. HP: 26/30 MP: 4/4
   543 | D:3      | Identified the Catalogue of the Birds and Heat
   554 | D:3      | Learned a level 2 spell: Blink
   598 | D:3      | Reached skill level 3 in Fighting
   965 | D:3      | Reached XP level 4. HP: 36/38 MP: 5/5
  1230 | D:4      | Found a staircase to the Ecumenical Temple.
  1302 | Temple   | Entered the Ecumenical Temple
  1585 | Temple   | Became a worshipper of Vehumet
  1602 | D:4      | Reached XP level 5. HP: 43/45 MP: 5/7
  1821 | D:4      | Reached skill level 4 in Fighting
  1821 | D:4      | Reached XP level 6. HP: 36/52 MP: 8/8
  1929 | D:4      | Learned a level 2 spell: Shroud of Golubria
  1933 | D:4      | Learned a level 3 spell: Teleport Other
  2199 | D:5      | Entered Level 5 of the Dungeon
  2303 | D:5      | Got a shimmering robe
  2321 | D:5      | Identified the +5 robe "Igemeus" {Dex+3} (You found it on
                  | level 5 of the Dungeon)
  2367 | D:5      | Noticed a water moccasin
  2381 | D:5      | Killed a water moccasin
  2674 | D:5      | Got a crude buckler
  2677 | D:5      | Reached skill level 1 in Evocations
  2677 | D:5      | Reached XP level 7. HP: 58/60 MP: 8/10
  2706 | D:5      | Identified the cursed +0 buckler of the Eleven Lovers
                  | {rElec} (You found it on level 5 of the Dungeon)
  2931 | D:5      | Reached skill level 5 in Fighting
  3029 | D:5      | Reached * piety under Vehumet
  3029 | D:5      | Offered knowledge of Magic Dart by Vehumet.
  3110 | D:6      | Reached XP level 8. HP: 55/69 MP: 11/11
  3287 | D:6      | Found a snail-covered altar of Cheibriados.
  3379 | D:6      | Learned a level 3 spell: Lesser Beckoning
  3404 | D:6      | Reached skill level 5 in Dodging
  3591 | D:7      | Reached skill level 6 in Fighting
  4049 | D:8      | Noticed Erica
  4054 | D:8      | Killed Erica
  4054 | D:8      | Reached skill level 7 in Fighting
  4054 | D:8      | Reached XP level 9. HP: 51/77 MP: 12/14
  4135 | D:8      | Noticed a deep elf mage
  4140 | D:8      | Killed a deep elf mage
  4142 | D:8      | Noticed a deep elf mage
  4157 | D:8      | Killed a deep elf mage
  4157 | D:8      | Reached skill level 5 in Translocations
  4468 | D:8      | Noticed Pikel
  4473 | D:8      | Killed Pikel
  4473 | D:8      | Reached skill level 8 in Fighting
  4473 | D:8      | Reached skill level 5 in Evocations
  4473 | D:8      | Reached XP level 10. HP: 80/86 MP: 14/16
  4753 | D:8      | Offered knowledge of Searing Ray by Vehumet.
  4893 | D:8      | Reached ** piety under Vehumet
  4901 | D:8      | Found a staircase to the Lair.
  5556 | D:9      | Noticed a two-headed ogre
  5571 | D:9      | Killed a two-headed ogre
  5571 | D:9      | Reached skill level 5 in Spellcasting
  5831 | D:9      | Learned a level 4 spell: Passage of Golubria
  5835 | D:9      | Learned a level 3 spell: Static Discharge
  6091 | D:10     | Entered Level 10 of the Dungeon
  6123 | D:10     | Noticed Urug
  6135 | D:10     | Killed Urug
  6135 | D:10     | Reached skill level 9 in Fighting
  6189 | D:10     | Noticed Nergalle
  6210 | D:10     | Killed Nergalle
  6551 | D:10     | Offered knowledge of Throw Frost by Vehumet.
  6583 | D:10     | Noticed Erolcha
  6602 | D:10     | Killed Erolcha
  6602 | D:10     | Reached XP level 11. HP: 21/95 MP: 18/18
  7394 | D:10     | Reached *** piety under Vehumet
  7549 | D:9      | Learned a level 3 spell: Ozocubu's Armour
  7794 | D:11     | Offered knowledge of Iskenderun's Mystic Blast by Vehumet.
  8435 | D:11     | Reached skill level 10 in Fighting
  8452 | D:11     | Noticed a two-headed ogre
  8462 | D:11     | Killed a two-headed ogre
  8462 | D:11     | Reached skill level 1 in Charms
  8898 | D:12     | Noticed an orb spider
  8899 | D:12     | an orb spider changed into a hornet
  8916 | D:12     | Reached **** piety under Vehumet
  9454 | D:12     | Offered knowledge of Sticky Flame by Vehumet.
  9462 | D:12     | Found a staircase to the Orcish Mines.
  9839 | D:12     | Found a roughly hewn altar of Beogh.
 10054 | Lair:1   | Entered Level 1 of the Lair of Beasts
 10659 | Lair:1   | Reached skill level 10 in Dodging
 10718 | Lair:1   | Reached skill level 11 in Fighting
 10729 | Lair:1   | Reached XP level 12. HP: 70/110 MP: 20/20
 11066 | Lair:2   | Noticed a seven-headed hydra
 11293 | Lair:1   | Learned a level 3 spell: Mephitic Cloud
 11322 | Lair:2   | Killed a seven-headed hydra
 11814 | Lair:2   | Got a faintly glowing shortbow
 11816 | Lair:2   | Identified the +1 shortbow of Dynakh {velocity, rF+} (You
                  | found it on level 2 of the Lair of Beasts)
 12524 | Lair:2   | Got a polished dagger
 12560 | Lair:2   | Got a jewelled leather armour
 12573 | Lair:2   | Identified the cursed +1 leather armour of Honour {+Inv}
                  | (You found it on level 2 of the Lair of Beasts)
 12573 | Lair:2   | Identified the +11 dagger of Rotation {protect, rElec} (You
                  | found it on level 2 of the Lair of Beasts)
 12989 | Lair:3   | Found a staircase to the Shoals.
 13084 | Lair:2   | Reached skill level 1 in Shields
 13410 | Lair:3   | Found a staircase to the Snake Pit.
 13903 | Lair:4   | Noticed an eight-headed hydra
 13914 | Lair:4   | Noticed a four-headed hydra
 14152 | Lair:3   | Killed a four-headed hydra
 14523 | Lair:5   | Noticed a six-headed hydra
 14542 | Lair:5   | Killed a six-headed hydra
 15237 | Lair:5   | Reached skill level 5 in Shields
 15265 | Lair:5   | Reached ***** piety under Vehumet
 15339 | Lair:6   | Entered Level 6 of the Lair of Beasts
 15393 | Lair:6   | Offered knowledge of Spellforged Servitor by Vehumet.
 15702 | Lair:6   | Reached skill level 5 in Charms
 15957 | Lair:6   | Reached XP level 13. HP: 100/116 MP: 19/23
 16862 | Lair:6   | Noticed a fire dragon
 16866 | Lair:6   | Found a large runed translucent door.
 16867 | Lair:6   | Found a large runed translucent door.
 18230 | Lair:6   | Killed from afar by a rime drake

Skill      XL: |  1  2  3  4  5  6  7  8  9 10 11 12 13 |
---------------+----------------------------------------+-----
Armour         | 2 3 |  3.7
Fighting       | 3 4 5 7 8 9 11 | 11.5
Dodging        | 3 4 6 7 8 10 | 10.5
Spellcasting   | 2 3 4 5 6 7 9 |  9.0
Translocations | 3 4 5 6 |  6.4
Evocations     | 1 2 4 5 6 |  6.6
Charms         | 2 5 |  5.0
Shields        | 5 |  5.0
Axes           | |  2.9
Throwing       | |  1.0

Action                   |  1- 3 |  4- 6 |  7- 9 | 10-12 | 13-15 || total
-------------------------+-------+-------+-------+-------+-------++-------
Melee: Hand axe          |    81 |    97 |       |       |       ||   178
       Headbutt          |    10 |    21 |    25 |   170 |    44 ||   270
       Great mace        |       |    18 |   105 |   525 |       ||   648
       Dagger            |       |       |       |   217 |   187 ||   404
 Fire: Hunting sling     |       |       |       |    17 |       ||    17
Throw: Tomahawk          |       |       |     3 |     6 |       ||     9
       Throwing net      |       |       |       |       |     1 ||     1
 Cast: Shroud of Golubri |       |       |     2 |    52 |    17 ||    71
       Passage of Golubr |       |       |       |     8 |     3 ||    11
       Teleport Other    |       |       |       |     2 |       ||     2
       Ozocubu's Armour  |       |       |       |    38 |    15 ||    53
       Blink             |       |       |       |    16 |    17 ||    33
       Lesser Beckoning  |       |       |       |     1 |       ||     1
       Mephitic Cloud    |       |       |       |    14 |    21 ||    35
       Static Discharge  |       |       |       |       |     2 ||     2
Evoke: Wand              |       |     5 |     8 |    44 |     7 ||    64
       Phantom mirror    |       |       |       |       |     1 ||     1
  Use: Scroll            |     3 |     4 |     5 |    16 |     5 ||    33
       Potion            |       |       |       |    10 |     1 ||    11
 Stab: Paralysed         |       |       |       |    16 |       ||    16
       Sleeping          |       |       |       |     2 |       ||     2
       Invisible         |       |       |       |     1 |       ||     1
       Confused          |       |       |       |     8 |    12 ||    20
  Eat: Chunk             |       |     6 |     6 |    30 |     4 ||    46
       Ration            |       |       |       |     4 |     2 ||     6
Armor: Leather armour    |     9 |       |       |       |       ||     9
       Ring mail         |    33 |    31 |       |       |       ||    64
       Robe              |       |     1 |    50 |   347 |    34 ||   432
Dodge: Dodged            |    69 |    77 |   130 |  1093 |   138 ||  1507
Block: Buckler           |       |       |       |    44 |    39 ||    83
